 Dungeon Crawl Stone Soup version 0.27.1-1-g398f81649c (webtiles) character file.

Game seed: 14776847875076664679

574 speeev33 the Skirmisher (level 7, 0/62 HPs)
             Began as a Hill Orc Fighter on Sept 11, 2021.
             Killed from afar by a gargoyle (5 damage)
             ... with a stone arrow
             ... on level 5 of the Dungeon.
             The game lasted 00:04:22 (4279 turns).

speeev33 the Skirmisher (Hill Orc Fighter)          Turns: 4279, Time: 00:04:23

Health: 0/62       AC: 24    Str: 21    XL:     7   Next: 35%
Magic:  7/7        EV:  4    Int:  8    God:
Gold:   185        SH: 11    Dex: 10    Spells: 6/6 levels left

rFire    + . .     SeeInvis .   a - +0 war axe (protect)
rCold    . . .     Faith    .   c - +1 kite shield
rNeg     . . .     Spirit   .   m - +0 plate armour
rPois    .         Reflect  .   q - +0 helmet
rElec    .         Harm     .   (no cloak)
rCorr    .         Rampage  .   (no gloves)
Will     .....                  (no boots)
Stlth    ..........             (no amulet)
HPRegen  0.20/turn              p - +4 ring of protection
MPRegen  0.10/turn              r - ring of protection from fire

@: mighty, under a protective aura
A: no striking features
a: no special abilities


You were on level 5 of the Dungeon.
You visited 1 branch of the dungeon, and saw 5 of its levels.

You collected 185 gold pieces.

Inventory:

Hand Weapons
 a - a +0 war axe of protection (weapon)
Missiles
 f - 5 curare-tipped darts (quivered)
Armour
 c - a +1 kite shield (worn)
 m - a +0 plate armour (worn)
 q - a +0 helmet (worn)
Jewellery
 p - a +4 ring of protection (left hand)
 r - a ring of protection from fire (right hand)
Wands
 l - a wand of polymorph (7)
Scrolls
 n - a scroll of enchant armour
 o - a scroll of teleportation
Potions
 e - 2 potions of magic
 g - a potion of brilliance
 h - 4 potions of curing
 i - a potion of berserk rage {unknown}
 j - a potion of mutation {unknown}
 k - a potion of ambrosia {unknown}


   Skills:
 + Level 5.8 Fighting
 + Level 5.6 Axes
 + Level 5.3 Armour
 + Level 5.3 Shields


You had 6 spell levels left.
You didn't know any spells.
Your spell library was empty.

Dungeon Overview and Level Annotations

Branches:
Dungeon (5/15)
 Temple: D:4-7

Altars:
Cheibriados
Dithmenos
Gozag
Ru
Sif Muna
Trog
Wu Jian


Message History

You feel very mighty all of a sudden.
The gargoyle hurls a stone arrow at you.
The stone arrow hits you!! You block the gargoyle's attack.
You closely miss the gargoyle.
The gargoyle hurls a stone arrow at you.
The stone arrow misses you.
You completely miss the gargoyle.
The gargoyle hits you but does no damage.
The gargoyle hits you with a +0 mace.
You hit the gargoyle.
Your weapon exudes an aura of protection.
The gargoyle is moderately damaged.
The gargoyle hits you but does no damage.
You hit the gargoyle but do no damage.
The gargoyle is moderately damaged.
The gargoyle hurls a stone arrow at you.
The stone arrow hits you!
* * * LOW HITPOINT WARNING * * *
The gargoyle hits you with a +0 mace.
* * * LOW HITPOINT WARNING * * *
You hit the gargoyle but do no damage.
The gargoyle is moderately damaged.
The gargoyle hurls a stone arrow at you.
You block the stone arrow.
You slice the gargoyle!!
The gargoyle is almost destroyed.
You block the gargoyle's attack.
You hit the gargoyle but do no damage.
The gargoyle is almost destroyed.
The gargoyle hits you with a +0 mace.
* * * LOW HITPOINT WARNING * * *
The gargoyle hurls a stone arrow at you.
The stone arrow hits you!
* * * LOW HITPOINT WARNING * * *
You hit the gargoyle but do no damage.
The gargoyle is almost destroyed.
The gargoyle hurls a stone arrow at you.
The stone arrow hits you.
You die...

### ### #.#########.#
#...........#
#.#########.# #....# #.#
#.##.# #.#########
######..(.# #..........
.........#########...#####
................@9...'....
#####.......######...##.##
# #.#...#.# #...# # #
#....##.# #...# #
#....##.# #...#
#####.#..##.#### #..9#
...............# #...#
.######..##.##.#####.# <#
#...#..#........#


You could see a gargoyle.

Vanquished Creatures
  The ghost of thromnambular the Sneak, an amateur OpEn of Sif Muna (D:3)
  A centaur (D:5)
  2 water moccasin skeletons
  2 hounds (D:4)
  A bullfrog skeleton (D:4)
  2 iguanas (D:5)
  A hound zombie (D:4)
  2 hound skeletons
  4 adders
  A worm (D:2)
  10 orcs
  4 ball pythons
  6 endoplasms
  A giant cockroach (D:3)
  7 goblins
  8 hobgoblins
  5 quokkas
  3 bats
  2 frilled lizards
  8 kobolds
71 creatures vanquished.

Notes
Turn   | Place    | Note
-------+----------+-------------------------------------------
     0 | D:1      | speeev33 the Hill Orc Fighter began the quest for the Orb.
     0 | D:1      | Reached XP level 1. HP: 19/19 MP: 1/1
   318 | D:1      | Reached XP level 2. HP: 27/27 MP: 2/2
   425 | D:1      | Found a faded altar of an unknown god.
  1152 | D:2      | Reached XP level 3. HP: 30/33 MP: 3/3
  2187 | D:3      | Reached XP level 4. HP: 30/40 MP: 4/4
  2408 | D:3      | Found a sacrificial altar of Ru.
  2718 | D:3      | Found a runed translucent door.
  2724 | D:3      | Noticed thromnambular's ghost (amateur OpEn)
  2963 | D:3      | Killed thromnambular's ghost
  2964 | D:3      | Reached XP level 5. HP: 45/47 MP: 5/5
  3040 | D:4      | Reached skill level 5 in Fighting
  3040 | D:4      | Reached XP level 6. HP: 50/56 MP: 6/6
  3162 | D:4      | Found an ornate altar of the Wu Jian Council.
  3163 | D:4      | Found a snail-covered altar of Cheibriados.
  3196 | D:4      | Found an opulent altar of Gozag.
  3378 | D:4      | Reached skill level 5 in Axes
  3427 | D:4      | Found a bloodstained altar of Trog.
  3508 | D:5      | Entered Level 5 of the Dungeon
  3551 | D:5      | Found a shimmering blue altar of Sif Muna.
  3796 | D:5      | Reached skill level 5 in Armour
  3796 | D:5      | Reached skill level 5 in Shields
  3796 | D:5      | Reached XP level 7. HP: 59/61 MP: 7/7
  3973 | D:5      | Found a shadowy altar of Dithmenos.
  4262 | D:5      | Noticed a gargoyle
  4279 | D:5      | Killed from afar by a gargoyle

Illustrated notes

Levels and vault maps discovered:
D:1:      nicolae_arrival_washed_ashore, layout_basic,
          ebering_ecumenical_altar_mist
D:2:      layout_basic
D:3:      layout_loops_ring, hangedman_ru_absence, ebering_ghost_reflecting_pool
D:4:      layout_rooms, general_overflow_altar,
          gammafunk_temple_overflow_statue, minmay_ruined_shrine
D:5:      layout_basic, led_sif_book, mainiacjoe_overflow_paths

Skill      XL: |  1  2  3  4  5  6 |
---------------+-------------------+-----
Axes           | 3 4 5 |  5.6
Fighting       | 4 5 |  5.8
Armour         | 4 5 |  5.3
Shields        | 4 5 |  5.3

Action                   |  1- 3 |  4- 6 |  7- 9 || total
-------------------------+-------+-------+-------++-------
Melee: War axe           |   110 |   133 |    26 ||   269
  Use: Scroll            |     6 |     5 |       ||    11
       Potion            |       |       |     1 ||     1
Armor: Scale mail        |    51 |    24 |       ||    75
       Plate armour      |       |    65 |    17 ||    82
Dodge: Dodged            |    55 |    21 |     4 ||    80
Block: Kite shield       |    73 |    83 |    12 ||   168
